 Dungeon Crawl Stone Soup version 0.31-a0-672-g7da72447bb (webtiles) character file.

Game seed: 15610379953318199978

58 pokeman the Magician (level 3, 0/20 HPs)
             Began as a Deep Elf Hedge Wizard on Sept 4, 2023.
             Slain by a gnoll
             ... wielding a +1 vampiric whip
              (3 damage)
             ... on level 2 of the Dungeon.
             The game lasted 00:02:41 (1448 turns).

pokeman the Magician (Deep Elf Hedge Wizard)        Turns: 1448, Time: 00:02:41

Health: 0/20       AC:  2    Str:  7    XL:     3   Next: 76%
Magic:  0/11       EV: 12    Int: 20    God:
Gold:   108        SH:  0    Dex: 14    Spells: 2/12 levels left

rFire   + . .        g - +2 short sword (speed)
rCold   . . .        (no shield)
rNeg    . . .        b - +0 robe
rPois   .            c - +0 hat
rElec   .            (no cloak)
rCorr   .            (no gloves)
SInv    .            (no boots)
Will    .....        (no amulet)
Stlth   ++           a - ring of protection from fire
HPRegen 0.23/turn    (no ring)
MPRegen 0.12/turn

%: no passive effects
@: no status effects
A: no striking features
a: no special abilities


You were on level 2 of the Dungeon.
You visited 1 branch of the dungeon, and saw 2 of its levels.

You collected 108 gold pieces.

Inventory:

Hand Weapons
 g - a +2 short sword of speed (weapon)
Armour
 b - a +0 robe (worn)
 c - a +0 hat (worn)
Jewellery
 a - a ring of protection from fire (left hand)
Scrolls
 e - 4 scrolls of identify {unknown}
 h - a scroll of brand weapon {unknown}
Potions
 d - a potion of magic
 f - a potion of enlightenment {unknown}


   Skills:
 + Level 1.0 Fighting
 + Level 1.1 Armour
 - Level 2.4 Dodging
 - Level 2.4 Stealth
 * Level 5.4 Spellcasting
 + Level 2.0 Conjurations
 - Level 1.1 Summonings
 - Level 1.1 Translocations


You had 2 spell levels left.
You knew the following spells:

 Your Spells              Type           Power      Damage    Failure   Level
a - Magic Dart            Conj           52%        1d5       4%          1
b - Mephitic Cloud        Conj/Pois/Air  8%         N/A       26%         3
c - Call Imp              Summ           18%        N/A       11%         2
d - Blink                 Tloc           18%        N/A       11%         2
e - Poisonous Vapours     Pois/Air       10%        N/A       17%         2

Your spell library contained the following spells:

 Spells                   Type           Power      Damage    Failure   Level
 Slow                     Hex            20%        N/A       11%         1
 Sting                    Tmut/Pois      20%        1d4       11%         1
 Cigotuvi's Dreadful Rot  Necr/Pois/Air  10%        N/A       17%         2
 Olgreb's Toxic Radiance  Pois           5%         N/A       73%         4


Dungeon Overview and Level Annotations

Branches:
Dungeon (2/15)

Altars:

Shops:
D:1 =


Message History

The gnoll completely misses you.
The gnoll hits you with a +1 vampiric whip.
The gnoll draws strength from your wounds!
You hit the gnoll.
The gnoll is almost dead.
You hit the gnoll.
You kill the gnoll!
The gnoll hits you with a +1 vampiric whip!
Your Fighting skill increases to level 1!
Your Conjurations skill increases to level 2!
Unknown command.
Casting: Poisonous Vapours (safe; 17% risk of failure)
Confirm with . or Enter, or press ? or * to list all spells.
You don't have enough magic to cast this spell.
Unknown command.
Unknown command.
Things that are here:
a +0 flail; a gnoll corpse
Press: ? - help, v - describe, . - travel, g - get item
Here: a gnoll, wielding a +1 vampiric whip (moderately wounded, poisoned) Item here: a +0 spear.
The floor, spattered with blood.
Unknown command.
The gnoll attacks as it pursues you! The gnoll barely misses you.
The gnoll looks more healthy.
The gnoll attacks as it pursues you!
The gnoll hits you with a +1 vampiric whip!
* * * LOW HITPOINT WARNING * * *
The gnoll draws strength from your wounds!
The gnoll attacks as it pursues you! The gnoll closely misses you.
The gnoll attacks as it pursues you! The gnoll closely misses you.
Casting: Poisonous Vapours (safe; 17% risk of failure)
Confirm with . or Enter, or press ? or * to list all spells.
You blink.
You aren't carrying any items that you can evoke.
You feel stable enough to blink again.
The gnoll hits you with a +1 vampiric whip.
* * * LOW HITPOINT WARNING * * *
The gnoll hits you with a +1 vampiric whip.
You die...

##### # ##.... ..
############# ##).#.# #.
#....##.....####.....g
#####.##....##.....#....#.#.#
.......#....##.....))####..(.
...........g@#.....#.####.#.#
................###..........
.............#.#.###..####.#.#
.........................#
#....
#...............#.#.......#
##?##
#.........................#
#.#
#...........####......##.##
#.# ............# #..........#
#.
....†...)...###.......########


You could see a gnoll.

Vanquished Creatures
  2 gnolls (D:2)
  An adder (D:2)
  2 dart slugs (D:1)
  2 bats
  2 endoplasms
  3 giant cockroaches
  2 goblins (D:1)
  3 hobgoblins
  A ball python (D:1)
  A frilled lizard (D:1)
  5 kobolds
  4 rats
28 creatures vanquished.

Notes
Turn   | Place    | Note
-------+----------+-------------------------------------------
     0 | D:1      | pokeman the Deep Elf Hedge Wizard began the quest for the
                  | Orb.
     0 | D:1      | Reached XP level 1. HP: 10/10 MP: 7/7
   287 | D:1      | Reached XP level 2. HP: 13/16 MP: 1/9
   616 | D:1      | Found Foicefuh's Jewellery Emporium.
  1148 | D:2      | Reached skill level 5 in Spellcasting
  1180 | D:2      | Reached XP level 3. HP: 20/20 MP: 7/11
  1184 | D:2      | Learned a level 3 spell: Mephitic Cloud
  1187 | D:2      | Learned a level 2 spell: Call Imp
  1190 | D:2      | Learned a level 2 spell: Blink
  1193 | D:2      | Learned a level 2 spell: Poisonous Vapours
  1423 | D:2      | Reached skill level 1 in Armour
  1429 | D:2      | Reached skill level 1 in Fighting
  1448 | D:2      | Slain by a gnoll

Illustrated notes

Levels and vault maps discovered:
D:1:      roderic_crop_circles_arrival_small, layout_basic, serial_shops, shop
D:2:      cheibrodos_helix_gallery, layout_basic, basic_altar, serial_glass,
          glass_columns_a, glass_columns_c, glass_columns_c, glass_columns_a,
          hellmonk_ecumenical_altar_leap_of_faith

Skill      XL: |  1  2  3 |
---------------+----------+-----
Spellcasting   | 5 |  5.4
Armour         | 1 |  1.1
Fighting       | 1 |  1.0
Conjurations   | 2 |  2.0
Dodging        | |  2.4
Stealth        | |  2.4
Summonings     | |  1.1
Translocations | |  1.1

Action                     || total
---------------------------++-------
  Melee: Short sword       ||     7
   Cast: Magic Dart        ||    60
         Poisonous Vapours ||     6
         Mephitic Cloud    ||     1
         Blink             ||     1
   Stab: Sleeping          ||     3
 Armour: Robe              ||    11
  Dodge: Dodged            ||    10

Table legend: (Time is in decaauts)
 A = Elapsed time spent in this place.
 B = Non-inter-level travel time spent in this place.
 C = Inter-level travel time spent in this place.
 D = Time resting spent in this place.
 E = Time spent auto-exploring this place.
 F = Levels seen in this place.
 G = Mean time per level.
                   A        B        C        D        E       F      G
               +--------+--------+--------+--------+--------+-----+--------+
         Total |   1444 |   1392 |     52 |      0 |   1202 |   2 |  722.0 |
       Dungeon |   1444 |   1392 |     52 |      0 |   1202 |   2 |  722.0 |
               +--------+--------+--------+--------+--------+-----+--------+

Top non-repeatable levels by time:
     D:1: 1143 daAuts
     D:2: 301 daAuts
